AoeStats
← Axolot

Arena

505082212Analyzed
2v2 RM · 25d ago on Sep 7, 2026· 34m 20s· 4 players
Game mode
Random Map
Map size
Medium (4 player)
Population
200
Speed
Normal
Resources
Standard
Victory
Conquest
Starting age
Dark Age
Ending age
Imperial Age
RankedLock teamsTeams togetherTeam positionsShared explorationLock speedFull tech treeHidden civsTurbo modeCheats
Victory
Defeat
🇦🇷 Vikings · Argentina
1500
+14
🇦🇷 Sicilians · Argentina
1453
+16
🇺🇸 Italians · United States
1495
-16
🇺🇸 Ethiopians · United States
1431
-14
stochasteric
10:53 Feudal Age
14:32 Castle Age
12:30 Stone Mining
12:30 Double-Bit Axe
12:55 Stone Mining
13:47 Horse Collar
18:46 Gold Mining
19:31 Loom
22:14 Fletching
23:24 Bow Saw
26:28 Wheelbarrow
27:41 Bodkin Arrow
27:47 Padded Archer Armor
31:32 Imperial Age
29:38 Heavy Plow
33:22 Chemistry
32:37 Bracer
33:36 Ballistics
TheSharkcatzor
10:43 Feudal Age
11:44 Loom
12:45 Double-Bit Axe
19:18 Castle Age
21:11 Bow Saw
23:34 Fletching
24:31 Bodkin Arrow
24:44 Horse Collar
26:28 Gold Mining
27:23 Crossbowman
32:34 Imperial Age
31:10 Padded Archer Armor
33:34 Bracer
Dino_Mate
10:03 Feudal Age
13:58 Castle Age
12:10 Double-Bit Axe
14:55 Bow Saw
15:40 Town Watch
16:40 Loom
19:46 Horse Collar
20:39 Gold Mining
20:57 Elite Skirmisher
26:13 Imperial Age
25:12 Ballistics
25:02 Fletching
25:12 Padded Archer Armor
25:57 Bodkin Arrow
25:59 Crossbowman
26:36 Stone Mining
27:00 Bracer
28:13 Chemistry
28:08 Arbalester
28:14 Capped Ram
31:25 Bogsveigar
32:08 Leather Archer Armor
33:19 Ring Archer Armor
33:51 Conscription
Axolot
9:06 Feudal Age
10:11 Loom
10:14 Double-Bit Axe
11:08 Fletching
17:15 Wheelbarrow
18:34 Horse Collar
26:49 Castle Age
25:04 Stone Mining
25:20 Gold Mining
26:55 Crossbowman
28:35 Heavy Plow
28:46 Bow Saw
30:04 Hand Cart
Connection lost

Rejoining the realm…

Still unreachable

The connection could not be restored.

Session expired

The server has moved on; the page needs a fresh start.